 Dungeon Crawl Stone Soup version 0.28.0 (webtiles) character file.

Game seed: 1702440980408900987

388 SnakkuSnakku7 the Charlatan (level 6, -1/33 HPs)
             Began as a Deep Elf Artificer on Feb 16, 2022.
             Slain by a gnoll (7 damage)
             ... on level 4 of the Dungeon.
             The game lasted 00:05:22 (4587 turns).

SnakkuSnakku7 the Charlatan (Deep Elf Artificer)    Turns: 4587, Time: 00:05:23

Health: -1/33      AC:  5    Str: 11    XL:     6   Next: 49%
Magic:  8/8        EV: 11    Int: 16    God:
Gold:   72         SH:  0    Dex: 21    Spells: 5/5 levels left

rFire   . . .      SeeInvis .   o - +2 dagger (vamp)
rCold   . . .      Faith    .   (no shield)
rNeg    . . .      Spirit   .   D - +0 ring mail
rPois   .          Reflect  .   (no helmet)
rElec   .          Harm     .   (no cloak)
rCorr   .          Rampage  .   (no gloves)
Will    +....                   (no boots)
Stlth   +.........              i - amulet of the acrobat
HPRegen 0.11/turn               v - +6 ring of dexterity
MPRegen 0.11/turn               q - ring of willpower

@: no status effects
A: no striking features
a: no special abilities


You were on level 4 of the Dungeon.
You visited 1 branch of the dungeon, and saw 4 of its levels.

You collected 72 gold pieces.

Inventory:

Hand Weapons
 a - a +0 club
 h - a +0 short sword
 o - a +2 vampiric dagger (weapon)
 C - a +0 quarterstaff
Missiles
 g - 24 bolts
 s - 19 arrows
 E - a poisoned dart (quivered)
Armour
 b - a +0 leather armour
 D - a +0 ring mail (worn)
Jewellery
 i - an amulet of the acrobat (around neck)
 m - a +6 ring of intelligence
 q - a ring of willpower (right hand)
 v - a +6 ring of dexterity (left hand)
Wands
 d - a wand of charming (13)
 r - a wand of digging (4)
Scrolls
 k - a scroll of silence {unknown}
 l - a scroll of amnesia {unknown}
 n - 3 scrolls of teleportation {unknown}
 t - 2 scrolls of fog {unknown}
 u - a scroll of vulnerability {unknown}
 w - 3 scrolls of identify {unknown}
 y - a scroll of holy word {unknown}
 F - a scroll of brand weapon {unknown}
Potions
 f - 4 potions of curing {unknown}
 j - 2 potions of heal wounds {unknown}
 p - 2 potions of invisibility {unknown}
 x - a potion of lignification {unknown}
 z - 2 potions of flight {unknown}
 A - a potion of brilliance {unknown}
 B - a potion of mutation {unknown}
Miscellaneous
 e - a piece from Xom's chessboard (15/15)


   Skills:
 - Level 0.7 Fighting
 + Level 3.7 Throwing
 - Level 0.7 Armour
 - Level 2.4 Dodging
 - Level 1.2 Stealth
 - Level 6.8 Evocations


You had 5 spell levels left.
You didn't know any spells.
Your spell library contained the following spells:

 Spells                   Type           Power      Damage    Failure   Level
 Portal Projectile        Hex/Tloc       0%         N/A       88%         3
 Blade Hands              Tmut           0%         N/A       100%        5
 Excruciating Wounds      Necr           0%         N/A       100%        5


Dungeon Overview and Level Annotations

Branches:
Dungeon (4/15)             Temple (0/1) D:4

Altars:
Makhleb
Wu Jian

Annotations:
D:3 Terence


Message History

There is a stone staircase leading up here.
You climb upwards.
Level annotation: Terence
There is a stone staircase leading down here.
You start resting.
HP restored.
You climb downwards.
There is a stone staircase leading up here.
No target in view!
No target in view!
No target in view!
The gnoll completely misses you.
You hit the gnoll but do no damage. The gnoll misses you.
You hit the gnoll.
The gnoll is lightly wounded.
The gnoll closely misses you.
You barely miss the gnoll.
The gnoll is lightly wounded.
The gnoll hits you with a +0 spear.
You hit the gnoll but do no damage.
The gnoll is lightly wounded.
The gnoll hits you with a +0 spear.
You hit the gnoll but do no damage.
The gnoll is lightly wounded.
The gnoll hits you with a +0 spear.
You barely miss the gnoll.
The gnoll is lightly wounded.
The gnoll hits you with a +0 spear.
You barely miss the gnoll.
The gnoll is lightly wounded.
The gnoll hits you with a +0 spear.
* * * LOW HITPOINT WARNING * * *
You barely miss the gnoll.
The gnoll is lightly wounded.
The gnoll hits you with a +0 spear.
* * * LOW HITPOINT WARNING * * *
You closely miss the gnoll.
The gnoll is lightly wounded.
The gnoll hits you with a +0 spear!
You die...

##+###........##+...⌠..
#...##........##.......
#.......#####..#+.⌠.>.⌠
#.......###............
#.......##........(.⌠..
##+#....##.()....(..##.
#.#....'...........##.
###'#..g.##)###†......#
#......@.##.........#.#
#........#.....#....#.#
#.......##..........#..
##....#.........##### .
#.##.#.####+##.#
#.#....#..#.# ...
#.#..#<...#.# .###
#.#..###.##.#######
#.#..#.............


You could see a gnoll.

Vanquished Creatures
  A black bear (D:4)
  A necrophage (D:4)
  An ogre (D:4)
  A bullfrog skeleton (D:4)
  3 gnolls (D:2)
  An adder (D:3)
  2 worms
  A dart slug (D:3)
  7 orcs
  5 ball pythons
  5 bats
  5 endoplasms
  2 giant cockroaches (D:2)
  4 hobgoblins
  A quokka (D:2)
  7 goblins
  3 kobolds
  A rat (D:1)
51 creatures vanquished.

Vanquished Creatures (collateral kills)
  A giant cockroach (D:2)
  A hobgoblin (D:2)
  A kobold (D:2)
3 creatures vanquished.

Grand Total: 54 creatures vanquished

Notes
Turn   | Place    | Note
-------+----------+-------------------------------------------
     0 | D:1      | SnakkuSnakku7 the Deep Elf Artificer began the quest for
                  | the Orb.
     0 | D:1      | Reached XP level 1. HP: 11/11 MP: 3/3
   305 | D:1      | Found a faded altar of an unknown god.
   715 | D:1      | Reached XP level 2. HP: 12/16 MP: 4/4
   718 | D:1      | Reached skill level 4 in Evocations
  1164 | D:2      | Reached XP level 3. HP: 7/20 MP: 5/5
  1426 | D:2      | Reached skill level 5 in Evocations
  2426 | D:3      | Reached XP level 4. HP: 20/24 MP: 6/6
  2789 | D:3      | Noticed Terence
  3432 | D:3      | Found a burning altar of Makhleb.
  3562 | D:3      | Found an ornate altar of the Wu Jian Council.
  3738 | D:4      | Noticed a lemure
  3739 | D:4      | Noticed a lemure
  3739 | D:4      | Noticed a lemure
  3846 | D:4      | Noticed a necrophage
  3855 | D:4      | Killed a necrophage
  3856 | D:4      | Reached skill level 6 in Evocations
  3856 | D:4      | Reached XP level 5. HP: 20/28 MP: 7/7
  3983 | D:4      | Reached skill level 1 in Throwing
  4344 | D:4      | Found a staircase to the Ecumenical Temple.
  4347 | D:4      | Noticed a black bear
  4351 | D:4      | Noticed an ogre
  4366 | D:4      | Killed an ogre
  4367 | D:4      | Reached XP level 6. HP: 33/33 MP: 8/8
  4587 | D:4      | Slain by a gnoll

Illustrated notes

Levels and vault maps discovered:
D:1:      tarquinn_simple_flora_water_b, layout_loops_ring,
          hellmonk_ecumenical_altar_blasted
D:2:      layout_loops_ring
D:3:      layout_loops_corners, nicolae_wu_jian_immortal_techniques,
          mainiacjoe_overflow_surrounded_room, uniq_terence
D:4:      layout_basic, grunt_temple_overflow_holy_war, temple_fountains,
          uniq_pikel

Skill      XL: |  1  2  3  4  5  6 |
---------------+-------------------+-----
Evocations     | 4 5 6 |  6.8
Throwing       | 2 3 |  3.7
Fighting       | |  0.7
Armour         | |  0.7
Dodging        | |  2.4
Stealth        | |  1.2

Action                   |  1- 3 |  4- 6 || total
-------------------------+-------+-------++-------
Melee: Short sword       |    21 |       ||    21
       Club              |    12 |       ||    12
       Dagger            |    75 |    81 ||   156
       Punch             |     4 |     1 ||     5
       Quarterstaff      |       |    19 ||    19
Throw: Dart              |       |     5 ||     5
Evoke: Wand              |    10 |     7 ||    17
 Stab: Sleeping          |     1 |     3 ||     4
Armor: Leather armour    |    29 |     5 ||    34
       Ring mail         |       |    14 ||    14
Dodge: Dodged            |    76 |    54 ||   130
